 Dungeon Crawl Stone Soup version 0.27-a0-604-g29a88b33a7 (webtiles) character file.

Game seed: 8069044420032913624

4 sahdkjhfkaj the Charlatan (level 1, -4/17 HPs)
             Began as a Draconian Artificer on Mar 13, 2021.
             Slain by a leopard gecko (5 damage)
             ... on level 1 of the Dungeon.
             The game lasted 00:00:18 (422 turns).

sahdkjhfkaj the Charlatan (Draconian Artificer)      Turns: 422, Time: 00:00:18

Health: -4/17      AC:  4    Str: 14    XL:     1   Next: 50%
Magic:  1/1        EV: 12    Int: 11    God:
Gold:   32         SH:  0    Dex: 11    Spells: 0/0 levels left

rFire    . . .     SeeInvis .   a - +0 club
rCold    . . .     Faith    .   (no shield)
rNeg     . . .     Spirit   .   (armour unavailable)
rPois    .         Reflect  .   (helmet restricted)
rElec    .         Harm     .   (no cloak)
rCorr    .         Rampage  .   (no gloves)
Will     .....                  (no boots)
Stlth    +.........             (no amulet)
HPRegen  0.05/turn              (no ring)
MPRegen  0.07/turn              (no ring)

@: no status effects
A: unfitting armour, cold-blooded, AC +4
a: no special abilities


You were on level 1 of the Dungeon.
You visited 1 branch of the dungeon, and saw 1 of its levels.

You collected 32 gold pieces.

Inventory:

Hand Weapons
 a - a +0 club (weapon)
Wands
 b - a wand of flame (15) (quivered)
 c - a wand of charming (15)
 d - a wand of random effects (15)
Potions
 e - a potion of resistance {unknown}
 f - a potion of flight {unknown}


   Skills:
 + Level 1.8 Fighting
 - Level 2.1 Dodging
 - Level 0.8 Stealth
 - Level 3.0 Evocations


You couldn't memorise any spells.
You didn't know any spells.
Your spell library was empty.

Dungeon Overview and Level Annotations

Branches:
Dungeon (1/15)

Altars:


Innate Abilities, Weirdness & Mutations

Your plain brown scales are hard. (AC +4)
You cannot fit into any form of body armour.
You are cold-blooded and may be slowed by cold attacks.


Message History

You hit the hobgoblin.
You kill the hobgoblin!
You see here a +0 club.
Key pressed, stopping explore.
Things that are here:
a +0 club; a hobgoblin skeleton
Found a leather armour.
Found a stone staircase leading down.
A leopard gecko and a rat come into view.
There are monsters nearby!
There are monsters nearby!
The leopard gecko hisses angrily.
There is a stone staircase leading down here.
Found a scroll labelled OZXUAZ PEUXUNG.
You hit the rat but do no damage. The rat barely misses you.
You barely miss the leopard gecko. The rat bites you but does no damage.
The leopard gecko barely misses you. The rat bites you but does no damage.
You barely miss the leopard gecko. The leopard gecko bites you.
The rat misses you.
The leopard gecko bites you but does no damage.
You hit the leopard gecko.
The leopard gecko is heavily wounded.
The rat bites you. The leopard gecko closely misses you.
You barely miss the leopard gecko.
The leopard gecko is heavily wounded.
The leopard gecko completely misses you.
The rat barely misses you. The leopard gecko barely misses you.
The rat barely misses you.
There is a stone staircase leading down here.
The leopard gecko bites you but does no damage.
The leopard gecko bites you but does no damage.
You see here a +0 leather armour.
The leopard gecko bites you. The rat bites you.
The leopard gecko closely misses you. The rat misses you.
The leopard gecko bites you.
* * * LOW HITPOINT WARNING * * *
The leopard gecko bites you.
* * * LOW HITPOINT WARNING * * *
The rat misses you. The leopard gecko bites you.
You die...

.......................####...#
#######..............#.# ####
##.............##.#
#######......##.###### .#
........##....... ..##
#.......##......## ###..####
#.#####.)..###..# #....?..##
###).####.#####........##
#....##@l[............##
#.##....r...............
#.#######............... #.#
#...#...>......# #.#
#...#............#
#.##...######........## .....##
#..$.......# .... #..........#
..... #.......!..#


You could see a leopard gecko and a rat.

Vanquished Creatures
  A giant cockroach (D:1)
  2 hobgoblins (D:1)
3 creatures vanquished.

Notes
Turn   | Place    | Note
-------+----------+-------------------------------------------
     0 | D:1      | sahdkjhfkaj the Draconian Artificer began the quest for the
                  | Orb.
     0 | D:1      | Reached XP level 1. HP: 16/16 MP: 1/1
   422 | D:1      | Slain by a leopard gecko

Illustrated notes

Levels and vault maps discovered:
D:1:      minmay_arrival_diagonal_passages, layout_rooms

Action                   || total
-------------------------++-------
Melee: Club              ||    21
       Tailslap          ||     2
Armor: Skin              ||     8
Dodge: Dodged            ||    21

Table legend: (Time is in decaauts)
 A = Elapsed time spent in this place.
 B = Non-inter-level travel time spent in this place.
 C = Inter-level travel time spent in this place.
 D = Time resting spent in this place.
 E = Time spent auto-exploring this place.
 F = Levels seen in this place.
 G = Mean time per level.
                   A        B        C        D        E       F      G
               +--------+--------+--------+--------+--------+-----+--------+
         Total |    428 |    428 |      0 |      0 |    365 |   1 |  428.0 |
       Dungeon |    428 |    428 |      0 |      0 |    365 |   1 |  428.0 |
               +--------+--------+--------+--------+--------+-----+--------+

Top non-repeatable levels by time:
     D:1: 428 daAuts
